 Dungeon Crawl Stone Soup version 0.15-a0-834-gd31242b (webtiles) character file.

274206 4tharraofdagon the Devastator (level 20, -4/94 HPs)
             Began as a Tengu Fire Elementalist on May 14, 2014.
             Was the Champion of Vehumet.
             Hit by a large rock thrown by a stone giant (36 damage)
             ... on Level 5 of the Vaults on May 15, 2014.
             The game lasted 04:10:08 (16804 turns).

4tharraofdagon the Devastator (TeFE)               Turns: 16804, Time: 04:10:09

HP  -4/94        AC 10     Str 10      XL: 20   Next: 31%
MP  20/42        EV 21     Int 35      God: Vehumet [******]
Gold 642         SH 15     Dex 20      Spells: 12 memorised,  4 levels left

rFire  + . .     SeeInvis .     M - staff of energy
rCold  + + +     Rnd*Rage +     p - +4 skin of Zhor {rC+++}
rNeg   + . .     Conserve .     k - +3 buckler {rF+}
rPois  .         rCorr    .     u - +2 hat
rElec  .         rRot     .     O - +0 cloak of the Undertaker {Int+5 Acc+4}
SustAb . .       Spirit   .     V - +0 pair of gloves
rMut   .         Warding  .     (boots unavailable)
Gourm  +         Stasis   .     o - amulet "Seem" {Gourm +Blink rN+}
MR     +....                    w - +4 ring of intelligence
                                m - ring of wizardry

@: repel missiles, brilliant, agile, flying quickly and evasively, studying
Necromancy, very slightly contaminated, delayed fireball, quick, somewhat
resistant to hostile enchantments, fairly stealthy
A: able to fly continuously, beak, talons 3, berserk 1, blink 1, dopey 1,
mutation resistance 1
a: Stop Flying, Blink, Renounce Religion, Release Delayed Fireball, Evoke Blink
}: 2/15 runes: serpentine, barnacled


You were on level 5 of the Vaults.
You worshipped Vehumet.
Vehumet was exalted by your worship.
You were very full.

You visited 7 branches of the dungeon, and saw 44 of its levels.
You also visited: Ossuary, Ice Cave and Volcano.

You collected 4826 gold pieces.
You spent 4184 gold pieces at shops.

Inventory:

Armour
 k - a +3 buckler of fire resistance (worn)
 p - the +4 skin of Zhor (worn) {rC+++}
   (You acquired it on level 9 of the Dungeon)

   It renders you almost immune to cold.
 u - a +2 hat (worn)
 O - the +0 cloak of the Undertaker (worn) {Int+5 Acc+4}
   (You acquired it on level 9 of the Dungeon)

   It affects your intelligence (+5).
   It affects your accuracy with ranged weapons and melee attacks (+4).
 V - a +0 pair of gloves (worn)
Magical devices
 I - a wand of teleportation (5)
 L - a wand of invisibility (9)
 Y - a wand of digging (7)
Comestibles
 f - 8 meat rations
 s - a royal jelly
Scrolls
 c - a scroll of recharging
 g - a scroll of amnesia
 q - 3 scrolls of teleportation
 t - 3 scrolls of noise
 v - 3 scrolls of fear
 D - 4 scrolls of magic mapping
 F - 5 scrolls of remove curse
 Z - 4 scrolls of identify
Jewellery
 d - an uncursed ring of fire
 h - an uncursed ring of teleportation
 m - a ring of wizardry (left hand)
 o - the amulet "Seem" (around neck) {Gourm +Blink rN+}
   (You found it on level 3 of the Elven Halls)

   [amulet of the gourmand]

   It allows you to eat raw meat even when not hungry.
   It protects you from negative energy.
   It lets you blink.
 w - a +4 ring of intelligence (right hand)
 H - an uncursed amulet of resist corrosion
 W - the ring of Creativity {rPois Dam+2 SInv Regen}
   (You found it in an ice cave)

   [ring of regeneration]

   It affects your damage with ranged weapons and melee attacks (+2).
   It protects you from poison.
   It enhances your eyesight.
   It increases your rate of regeneration.
Potions
 b - 2 potions of resistance
 l - 2 potions of agility
 n - 3 potions of brilliance
 x - a potion of restore abilities
 A - a potion of magic
 E - 9 potions of curing
 Q - 3 potions of heal wounds
Books
 z - a book of Burglary

   Spells                             Type                      Level
   *Swiftness                         Charms/Air                   2
   Passwall                           Transmutation/Earth          3
   Passage of Golubria                Translocation                4
   Lee's Rapid Deconstruction         Earth                        5
   Invisibility                       Hexes                        6
   Darkness                           Hexes                        7
 B - a book of the Warp

   Spells                             Type                      Level
   Control Teleport                   Charms/Translocation         4
   Phase Shift                        Translocation                5
   Warp Weapon                        Charms/Translocation         5
   Dispersal                          Translocation                6
   Controlled Blink                   Translocation                7
   Disjunction                        Translocation                8
 G - a Necronomicon {highlevel}

   This book is beyond your current level of understanding.

   Spells                             Type                      Level
   Haunt                              Necromancy/Summoning         7
   Borgnjor's Revivification          Necromancy                   8
   Death's Door                       Charms/Necromancy            8
   Necromutation                      Transmutation/Necromancy     8
 R - a manual of Necromancy
Magical staves
 a - an uncursed staff of air
 y - an uncursed staff of fire
 M - an uncursed staff of energy (weapon)
Miscellaneous
 e - a crystal ball of energy


   Skills:
 - Level 2.1 Dodging
 - Level 2.0 Stealth
 - Level 4.6 Shields
 - Level 17.0 Spellcasting
 - Level 21.0 Conjurations
 - Level 5.4 Necromancy
 - Level 5.1 Translocations
 - Level 18.9 Fire Magic
 * Level 14.0 Air Magic
 - Level 11.1 Evocations


You had 4 spell levels left.
You knew the following spells:

 Your Spells              Type           Power        Failure   Level  Hunger
a - Repel Missiles        Chrm/Air       ######       1%          2    None
b - Tornado               Air            #######...   54%         9    None
c - Sticky Flame          Conj/Fire      ########     0%          4    None
d - Animate Skeleton      Necr           N/A          1%          1    None
e - Apportation           Tloc           ######....   1%          1    None
f - Fireball              Conj/Fire      ########..   0%          5    None
g - Sublimation of Blood  Necr           ######....   1%          2    None
h - Swiftness             Chrm/Air       #######.     1%          2    None
i - Delayed Fireball      Conj/Fire      N/A          1%          7    None
j - Freezing Cloud        Conj/Ice/Air   #######...   1%          6    None
k - Orb of Destruction    Conj           ########..   1%          7    None
l - Chain Lightning       Conj/Air       ########..   1%          8    None


Dungeon Overview and Level Annotations

Branches:
Dungeon (14/15)            Temple (0/1) D:5             Orc (4/4) D:10
    Elf (3/3) Orc:3          Lair (8/8) D:10         Shoals (5/5) Lair:5
  Snake (5/5) Lair:3        Slime (0/6) Lair:6       Vaults (5/5) D:13
  Blade: Vaults:3-4   Crypt: Vaults:2-3

Altars:
Ashenzari
Dithmenos
Kikubaaqudgha
Makhleb
Qazlal
Sif Muna
Vehumet
Xom
Beogh

Shops:
D:6 ([   D:9 ?%*}   D:12 (   Orc:2 :   Orc:4 ([*[   Snake:3 =   Vaults:4 ?

Portals:
Hell: Lair:8
Trove: Elf:3 (give +4,+5 demon whip)

Annotations:
D:5 exclusion: downstairs
D:10 exclusion: silver statue
Orc:2 ALCHEMY+WARP
Snake:1 exclusion: ice statue


Innate Abilities, Weirdness & Mutations

You can fly continuously.
You have a beak for a mouth.
You have claws for feet.
You tend to lose your temper in combat.
You can translocate small distances at will.
You are dopey. (Int -2)
You are somewhat resistant to further mutation.


Message History

The deep elf fighter mumbles some strange words.
The deep elf fighter flickers and vanishes!
Deactivating autopickup; reactivate with Ctrl-A.
The stone giant throws a large rock.
The large rock hits something!
The phantasmal warrior blinks!
Unknown command.
Unknown command.
Unknown command.
Casting: Fireball
Confirm with . or Enter, or press ? or * to list all spells.
Aiming: Fireball
Press: ? - help, Shift-Dir - straight line, f - phantasmal warrior
Aim: a phantasmal warrior The fireball explodes!
The fireball engulfs something.
Vehumet accepts your kill.
You feel your power returning.
Reactivating autopickup.
You feel a bit more experienced. The fireball engulfs you! You resist.
The stone giant throws a large rock.
The large rock hits you!
You die...

.. ... .... ... ..
#######################.
....B...C................
.)))C§...%.W.(.)@........
..))).$§...(.............
)..................(....
.######################.
... #### # #


You could see a stone giant and a phantasmal warrior.

Vanquished Creatures
  Saint Roka (Shoals:4)
  Norris (Shoals:3)
  Vashnia (Snake:5)
  2 deep elf blademasters (Elf:3)
  2 deep elf master archers (Elf:3)
  A tengu reaver (Vaults:5)
  The ghost of Amnesiac the Imperceptible, a mighty HaEn of Dithmenos (Shoals:5)
  Ilsuiw (Shoals:5)
  A deep elf sorcerer (Elf:3)
  8 greater nagas (Snake:5)
  A frost giant (IceCv)
  5 vault wardens
  An orc warlord (Orc:2)
  Aizul (Snake:2)
  5 deep elf annihilators
  7 deep elf demonologists
  A stone giant (Orc:4)
  A dire elephant (Lair:8)
  6 merfolk javelineers
  30 vault guards
  2 deep elf death magi (Elf:3)
  A fire dragon (Vaults:3)
  8 merfolk impalers
  A great orb of eyes (Vaults:5)
  A yaktaur captain (Vaults:3)
  2 sirens
  3 ironheart preservers (Vaults:1)
  Fannar (Lair:7)
  2 deep elf high priests (Elf:3)
  2 hydras
  4 naga warriors
  3 ogre magi
  Nessos (Orc:3)
  A ravenous feature mimic (Shoals:3)
  4 merfolk aquamancers (Shoals:5)
  16 anacondas
  An alligator snapping turtle (Shoals:5)
  A death yak (IceCv)
  3 orc high priests
  2 centaur warriors
  11 naga sharpshooters
  A sun demon (Lair:8)
  Nergalle (Orc:4)
  6 shock serpents
  7 deep elf knights
  A wizard (Lair:8)
  3 skeletal warriors (D:13)
  An iron troll (Vaults:3)
  A shadow wraith (Vaults:4)
  A salamander mystic (Snake:5)
  2 deep trolls (Orc:4)
  5 deep elf summoners
  2 lindwurms
  5 water nymphs
  An unseen horror (D:10)
  An ice statue (IceCv)
  7 sea snakes
  4 orc knights
  7 naga ritualists
  4 ironbrand convokers
  3 fauns
  9 harpies
  An anaconda skeleton (Snake:5)
  7 griffons
  A wolf spider (Vaults:1)
  A water nymph (shapeshifter) (Vaults:5)
  5 mana vipers
  5 orc sorcerers
  2 necromancers (D:13)
  5 salamanders
  15 deep elf conjurers
  3 hill giants
  A red wasp (Vaults:4)
  3 cyclopes
  2 oklob plants (Lair:2)
  5 manticores
  A cyclops (shapeshifter) (D:8)
  28 black mambas
  2 elf skeletons (Elf:3)
  4 spiny frogs
  4 mermaids
  2 sixfirhies
  4 vault sentinels
  An item mimic (Lair:2)
  8 guardian serpents
  5 orange demons
  A kobold demonologist (Vaults:3)
  23 naga magi
  2 fire drakes (Lair:8)
  2 hellwings
  10 yaktaurs
  A freezing wraith (Vaults:4)
  11 trolls
  4 deep elf priests
  4 blue devils (Lair:8)
  14 merfolk
  9 komodo dragons
  16 polar bears (IceCv)
  A wind drake (Shoals:1)
  8 two-headed ogres
  7 blink frogs
  Prince Ribbit (D:6)
  A fire giant simulacrum (Vaults:1)
  6 snapping turtles
  A snapping turtle (shapeshifter) (Elf:2)
  A basilisk (Lair:7)
  A wyvern (Lair:4)
  10 water elementals
  3 sharks
  An elephant slug (Lair:6)
  2 fire elementals (Volcano)
  15 ugly things
  A hippogriff (shapeshifter) (D:13)
  4 hippogriffs
  47 yaks
  16 deep elf magi
  21 deep elf fighters
  18 wolves
  45 nagas
  5 wargs
  Edmund (Orc:1)
  Menkaure (D:6)
  A mottled dragon (D:13)
  2 porcupines (Lair:5)
  A salamander skeleton (Snake:5)
  A merfolk skeleton (Shoals:5)
  4 ice beasts
  3 sky beasts
  A naga skeleton (Snake:1)
  26 orc warriors
  22 water moccasins
  22 ogres
  A black bear (D:9)
  6 centaurs
  A necrophage (D:8)
  A boring beetle (Lair:8)
  9 crocodiles
  A boring beetle (shapeshifter) (D:9)
  2 phantoms (D:13)
  Sigmund (D:7)
  Duvessa (D:6)
  5 giant slugs
  A big kobold (D:8)
  3 lava worms (Lair:4)
  12 giant frogs
  2 komodo dragon skeletons
  3 wights (D:10)
  2 yak zombies (D:13)
  2 scorpions
  3 killer bees (D:7)
  A yak skeleton (IceCv)
  10 electric eels
  2 crimson imps
  4 goliath beetles
  21 orc priests
  A giant frog zombie (D:5)
  Dowan (D:6)
  3 hounds
  A wolf skeleton (IceCv)
  A lava snake (Snake:1)
  6 jellies
  A quasit (D:9)
  7 worker ants
  2 giant frog skeletons
  6 iguanas
  Natasha (thrice) (D:6)
  5 orange rats (Lair:7)
  30 orc wizards
  A spectral orc (Orc:4)
  24 sheep
  A hound skeleton (D:5)
  8 mummies (Ossuary)
  17 green rats
  17 adders
  3 giant mites
  2 worms
  An adder skeleton (Lair:6)
  6 giant geckos
  4 oozes
  140 orcs
  A ball python (D:3)
  A giant cockroach (D:2)
  12 hobgoblins
  11 jackals
  18 kobolds
  8 bats
  A giant gecko skeleton (D:9)
  A giant newt (D:3)
  A giant spore (D:8)
  A gnoll zombie (Ossuary)
  18 goblins
  2 goblin zombies (Orc:1)
  2 hobgoblin zombies (Ossuary)
  3 kobold zombies
  3 orc skeletons
  8 orc zombies
  9 quokkas
  9 rats
  A ballistomycete (D:8)
  A bush (Lair:2)
  2 fungi
  14 plants
1243 creatures vanquished.

Vanquished Creatures (collateral kills)
  A greater naga (Snake:5)
  A naga warrior (Snake:2)
  An anaconda (Snake:5)
  A satyr (Shoals:5)
  A naga sharpshooter (Snake:5)
  A sea snake (Shoals:5)
  A salamander mystic (Snake:5)
  2 naga ritualists
  A mana viper (Snake:5)
  A faun (Shoals:5)
  2 guardian serpents (Snake:5)
  An orange demon (Lair:8)
  A black mamba (Snake:5)
  A naga mage (Snake:5)
  A red devil (Lair:8)
  2 polar bears (IceCv)
  A blink frog (Lair:1)
  A deep elf mage (Elf:1)
  2 yaks (IceCv)
  A deep elf fighter (Elf:2)
  A wolf (IceCv)
  2 nagas (Snake:5)
  A porcupine (Lair:6)
  2 water moccasins
  A merfolk skeleton (Shoals:5)
  An ogre (Orc:3)
  A giant slug (Lair:1)
  A big kobold (D:8)
  A naga skeleton (Snake:4)
  An orc priest (D:6)
  An orc wizard (D:8)
  A worker ant zombie (D:6)
  A green rat (Lair:8)
  5 orcs
  A hobgoblin (Orc:2)
  3 jackals
  A goblin (Orc:1)
  A kobold (D:8)
  A ballistomycete (D:8)
  2 plants
53 creatures vanquished.

Vanquished Creatures (others)
  An anaconda skeleton (Snake:5)
  A shock serpent skeleton (Snake:5)
  2 sea snake skeletons
  5 fire vortices (Volcano)
  2 harpy skeletons (Shoals:5)
  A guardian serpent skeleton (D:10)
  A griffon skeleton (Lair:8)
  3 black mamba skeletons (Snake:1)
  A human skeleton (Lair:8)
  A fire drake skeleton (Lair:8)
  A yaktaur skeleton (Vaults:1)
  2 water moccasin skeletons
  5 naga skeletons
  A warg skeleton (Orc:3)
  6 polar bear skeletons (IceCv)
  A troll skeleton (D:13)
  6 yak skeletons (IceCv)
  An electric eel (Snake:1)
  4 wolf skeletons (IceCv)
  A centaur skeleton (D:7)
  2 giant frog skeletons
  A necrophage skeleton (D:8)
  10 elf skeletons
  4 electric eel skeletons (Snake:1)
  2 felid skeletons (D:6)
  An adder skeleton (Lair:7)
  3 sheep skeletons
  An orc (D:8)
  A giant gecko skeleton (D:6)
  2 jackal skeletons (D:6)
  7 orc skeletons
  3 fungi (Lair:8)
  2 plants (Lair:8)
85 creatures vanquished.

Grand Total: 1381 creatures vanquished

Notes
Turn   | Place    | Note
--------------------------------------------------------------
     0 | D:1      | 4tharraofdagon, the Tengu Fire Elementalist, began the quest for the Orb.
     0 | D:1      | Reached XP level 1. HP: 10/10 MP: 3/3
    46 | D:2      | Reached XP level 2. HP: 15/15 MP: 3/5
   267 | D:3      | Reached XP level 3. HP: 19/19 MP: 4/7
   272 | D:3      | Learned a level 3 spell: Conjure Flame
   503 | D:3      | Reached skill level 4 in Fire Magic
   599 | D:3      | Reached XP level 4. HP: 20/24 MP: 1/9
   678 | D:3      | Learned a level 4 spell: Sticky Flame
   741 | D:4      | Found a stormy altar of Qazlal.
   741 | D:4      | Noticed an ogre
   748 | D:4      | Killed an ogre
   748 | D:4      | Reached XP level 5. HP: 28/28 MP: 2/13
   838 | D:4      | Found a sand-covered staircase.
   843 | Ossuary  | Entered an ossuary
   882 | Ossuary  | Reached skill level 5 in Fire Magic
   957 | Ossuary  | Reached XP level 6. HP: 32/32 MP: 11/15
  1230 | D:4      | Found a radiant altar of Vehumet.
  1234 | D:4      | Identified Vehumet's Handbook of Confrontation
  1236 | D:4      | Became a worshipper of Vehumet
  1242 | D:4      | Found a deep blue altar of Sif Muna.
  1246 | D:4      | Identified Sif Muna's Grimoire of Attacks
  1251 | D:4      | Found an ancient bone altar of Kikubaaqudgha.
  1255 | D:4      | Identified Kikubaaqudgha's Collected Works on Darkness
  1258 | D:4      | Learned a level 1 spell: Animate Skeleton
  1341 | D:5      | Entered Level 5 of the Dungeon
  1351 | D:5      | Reached skill level 5 in Conjurations
  1370 | D:5      | Found a staircase to the Ecumenical Temple.
  1483 | D:5      | Reached skill level 1 in Shields
  1483 | D:5      | Reached XP level 7. HP: 36/36 MP: 10/17
  1504 | D:6      | Found Tweseshoa's Antique Armour Shoppe.
  1513 | D:6      | Reached skill level 6 in Fire Magic
  1585 | D:5      | Found a shattered altar of Ashenzari.
  1714 | D:6      | Noticed Duvessa
  1714 | D:6      | Noticed Dowan
  1723 | D:6      | Killed Duvessa
  1723 | D:6      | Killed Dowan
  1775 | D:6      | Acquired Vehumet's first power
  1775 | D:6      | Offered knowledge of Sandblast by Vehumet.
  1777 | D:6      | #1
  1818 | D:6      | Noticed Natasha
  1822 | D:6      | Killed Natasha
  1863 | D:6      | Noticed Natasha
  1863 | D:6      | Your ally Natasha died
  2045 | D:6      | Your ally Duvessa died
  2060 | D:6      | Noticed Prince Ribbit
  2068 | D:6      | Killed Prince Ribbit
  2068 | D:6      | Reached skill level 7 in Fire Magic
  2068 | D:6      | Reached XP level 8. HP: 37/41 MP: 8/19
  2117 | D:6      | Gained mutation: You are dopey. (Int -2) [potion of mutation]
  2117 | D:6      | Gained mutation: You are somewhat resistant to further mutation. [potion of mutation]
  2117 | D:6      | Gained mutation: You can translocate small distances at will. [potion of mutation]
  2128 | D:6      | Found Zemegic's Weapon Emporium.
  2150 | D:6      | Killed Natasha
  2193 | D:6      | Noticed Menkaure
  2206 | D:6      | Killed Menkaure
  2216 | D:6      | Your ally Natasha died
  2247 | D:6      | Learned a level 1 spell: Apportation
  2259 | D:5      | Learned a level 5 spell: Fireball
  2278 | D:6      | Noticed Natasha
  2288 | D:6      | Killed Natasha
  2416 | D:7      | Noticed Sigmund
  2442 | D:7      | HP: 2/41 [something (8)]
  2503 | D:7      | Killed Sigmund
  2503 | D:7      | Reached skill level 8 in Fire Magic
  2618 | D:7      | Offered knowledge of Searing Ray by Vehumet.
  2755 | D:7      | Got a slimy spear
  2764 | D:7      | Identified the +9,+5 spear of Siff {vamp, rF+ rN+} (You found it on level 7 of the Dungeon)
  2789 | D:8      | Reached XP level 9. HP: 45/45 MP: 18/21
  2840 | D:9      | Found a shimmering altar of Xom.
  2840 | D:9      | Found a shimmering altar of Xom.
  2840 | D:9      | Found a shimmering altar of Xom.
  2845 | D:9      | Found a shimmering altar of Xom.
  2847 | D:9      | Found a shimmering altar of Xom.
  2849 | D:9      | Found a shimmering altar of Xom.
  2849 | D:9      | Found a shimmering altar of Xom.
  2849 | D:9      | Found a shimmering altar of Xom.
  2850 | D:9      | Found a shimmering altar of Xom.
  2850 | D:9      | Noticed a salamander
  3081 | D:8      | Reached skill level 9 in Conjurations
  3118 | D:8      | Reached skill level 5 in Spellcasting
  3141 | D:8      | Offered knowledge of Static Discharge by Vehumet.
  3235 | D:8      | Noticed a cyclops
  3235 | D:8      | a salamander changed into a cyclops
  3247 | D:8      | Killed a cyclops
  3276 | D:9      | Found a shimmering altar of Xom.
  3281 | D:9      | Found Wapt's Gadget Emporium.
  3286 | D:9      | Acquired Vehumet's second power
  3291 | D:9      | Reached skill level 10 in Conjurations
  3311 | D:8      | Gained mutation: You tend to lose your temper in combat. [mutagenic meat]
  3452 | D:9      | Found Gaataum's Magic Scroll Boutique.
  3461 | D:9      | Bought a scroll of teleportation for 42 gold pieces
  3461 | D:9      | Bought a scroll of enchant armour for 105 gold pieces
  3461 | D:9      | Bought a scroll of magic mapping for 49 gold pieces
  3476 | D:9      | Found Pypt's Assorted Antiques.
  3503 | D:9      | Reached XP level 10. HP: 50/50 MP: 14/24
  3516 | D:9      | Bought a scroll labeled BLYAFF OVOM for 27 gold pieces
  3516 | D:9      | Bought a scroll labeled NOPSAO SKEIT for 27 gold pieces
  3516 | D:9      | Bought a scroll labeled KECWUN VELUADU for 27 gold pieces
  3542 | D:9      | Offered knowledge of Olgreb's Toxic Radiance by Vehumet.
  3610 | D:9      | Found Nirucaxued's Food Shop.
  3630 | D:9      | Reached skill level 10 in Fire Magic
  3656 | D:10     | Entered Level 10 of the Dungeon
  3680 | D:10     | Noticed an unseen horror
  3687 | D:10     | Killed an unseen horror
  3687 | D:10     | Reached skill level 11 in Conjurations
  3706 | D:10     | Noticed a silver statue
  3734 | D:10     | Noticed a hill giant
  3787 | D:10     | Killed a hill giant
  3802 | D:10     | Noticed a guardian serpent
  3869 | D:10     | Found a staircase to the Lair.
  3916 | D:10     | Killed a guardian serpent
  4016 | Lair:1   | Entered Level 1 of the Lair of Beasts
  4027 | Lair:1   | Acquired Vehumet's third power
  4052 | Lair:1   | Reached skill level 13 in Conjurations
  4052 | Lair:1   | Reached XP level 11. HP: 54/54 MP: 22/28
  4089 | Lair:1   | Offered knowledge of Force Lance by Vehumet.
  4343 | Lair:2   | Found a frozen archway.
  4347 | IceCv    | Entered an ice cave
  4372 | IceCv    | Reached skill level 14 in Conjurations
  4446 | IceCv    | Reached XP level 12. HP: 45/59 MP: 11/29
  4922 | IceCv    | Reached skill level 15 in Conjurations
  4972 | IceCv    | Noticed an ice statue
  4975 | IceCv    | Killed an ice statue
  5017 | IceCv    | Offered knowledge of Throw Icicle by Vehumet.
  5156 | IceCv    | Noticed a frost giant
  5156 | IceCv    | Noticed a death yak
  5188 | IceCv    | Killed a frost giant
  5214 | IceCv    | Killed a death yak
  5270 | IceCv    | Got a glittering jade ring
  5338 | IceCv    | Identified a scroll of acquirement
  5410 | Lair:2   | Identified the cursed ring of Creativity {rPois Dam+2 SInv Regen} (You found it in an ice cave)
  5427 | Lair:2   | Reached skill level 16 in Conjurations
  5501 | Lair:3   | Reached XP level 13. HP: 46/63 MP: 4/31
  5730 | Lair:3   | Found a staircase to the Snake Pit.
  6104 | Lair:4   | Learned a level 6 spell: Bolt of Cold
  6119 | Lair:4   | Found a dark tunnel.
  6200 | Volcano  | Entered a volcano
  6436 | Volcano  | Reached skill level 17 in Conjurations
  6436 | Volcano  | Reached skill level 15 in Fire Magic
  6436 | Volcano  | Reached XP level 14. HP: 62/68 MP: 29/32
  6501 | Lair:4   | Reached skill level 10 in Spellcasting
  6892 | Lair:5   | Found a staircase to the Shoals.
  6957 | Lair:6   | Found a staircase to the Slime Pits.
  7074 | Lair:7   | Noticed Fannar
  7367 | Lair:8   | Entered Level 8 of the Lair of Beasts
  7852 | Lair:8   | Found a burning altar of Makhleb.
  7938 | Lair:8   | Offered knowledge of Iron Shot by Vehumet.
  8079 | Lair:8   | Found a gateway to Hell.
  8364 | Lair:8   | Learned a level 6 spell: Iron Shot
  8415 | Lair:8   | Reached XP level 15. HP: 72/72 MP: 26/35
  8558 | Lair:7   | Killed Fannar
  8665 | Lair:6   | Reached skill level 18 in Conjurations
  8874 | D:9      | Bought a scroll of acquirement for 728 gold pieces
  8874 | D:9      | Bought a scroll of acquirement for 728 gold pieces
  8876 | D:9      | Got a slimy cloak
  8880 | D:9      | Identified the +0 cloak of the Undertaker {Int+5 Acc+4} (You acquired it on level 9 of the Dungeon)
  8914 | D:9      | Bought a meat ration for 50 gold pieces
  8914 | D:9      | Bought a meat ration for 50 gold pieces
  8914 | D:9      | Bought a meat ration for 50 gold pieces
  8921 | D:9      | Bought a meat ration for 50 gold pieces
  8921 | D:9      | Bought a bread ration for 44 gold pieces
  8921 | D:9      | Bought a bread ration for 44 gold pieces
  8954 | D:9      | Bought a crystal ball of energy for 260 gold pieces
  9083 | D:12     | Found a shadowy altar of Dithmenos.
  9093 | D:12     | Reached skill level 1 in Evocations
  9095 | D:12     | Found Dupas' Antique Weapon Shop.
  9275 | D:10     | Found a staircase to the Orcish Mines.
  9280 | Orc:1    | Entered Level 1 of the Orcish Mines
  9281 | Orc:1    | Offered knowledge of Delayed Fireball by Vehumet.
  9292 | D:10     | Learned a level 7 spell: Delayed Fireball
  9375 | Orc:1    | Noticed Edmund
  9380 | Orc:1    | Killed Edmund
  9414 | Orc:1    | Found an ancient bone altar of Kikubaaqudgha.
  9558 | Orc:1    | Learned a level 6 spell: Freezing Cloud
  9719 | Orc:2    | Found a roughly hewn altar of Beogh.
  9725 | Orc:2    | Offered knowledge of Poisonous Cloud by Vehumet.
  9901 | Orc:3    | Found a staircase to the Elven Halls.
 10017 | Orc:2    | Found Pnacwaff's Book Emporium.
 10217 | Orc:4    | Entered Level 4 of the Orcish Mines
 10329 | Orc:3    | Noticed Nessos
 10329 | Orc:3    | Killed Nessos
 10414 | Orc:2    | Bought a book of Alchemy for 1200 gold pieces
 10418 | Orc:2    | Learned a level 2 spell: Sublimation of Blood
 10480 | Orc:4    | Found Fureokec's Antique Armour Boutique.
 10492 | Orc:4    | Reached skill level 1 in Necromancy
 10495 | Orc:4    | Offered knowledge of Orb of Destruction by Vehumet.
 10510 | Orc:4    | Reached skill level 5 in Necromancy
 10620 | Orc:4    | Found Lyhaph's Assorted Antiques.
 10625 | Orc:4    | Found Acrotist's Antique Weapon Emporium.
 10633 | Orc:4    | Found Caham's Antique Armour Shoppe.
 10714 | Orc:4    | Bought a glowing buckler for 148 gold pieces
 10786 | Orc:4    | Noticed Nergalle
 10791 | Orc:4    | Killed Nergalle
 10815 | Orc:4    | Learned a level 7 spell: Orb of Destruction
 10878 | Elf:1    | Entered Level 1 of the Elven Halls
 11034 | Elf:3    | Entered Level 3 of the Elven Halls
 11043 | Elf:3    | Found a portal to a secret trove of treasure.
 11154 | Elf:3    | Noticed a deep elf sorcerer
 11154 | Elf:3    | Reached XP level 16. HP: 70/76 MP: 29/37
 11155 | Elf:3    | Killed a deep elf sorcerer
 11288 | Elf:3    | Noticed a deep elf blademaster
 11291 | Elf:3    | Killed a deep elf blademaster
 11292 | Elf:3    | Offered knowledge of Bolt of Fire by Vehumet.
 11310 | Elf:3    | Noticed a deep elf master archer
 11311 | Elf:3    | Killed a deep elf master archer
 11311 | Elf:3    | Reached skill level 19 in Conjurations
 11410 | Elf:3    | Noticed a deep elf blademaster
 11413 | Elf:3    | Killed a deep elf blademaster
 11414 | Elf:3    | Noticed a deep elf master archer
 11453 | Elf:3    | Killed a deep elf master archer
 11501 | Elf:3    | Got a scintillating steel amulet
 11503 | Elf:3    | Identified the Collected Works on Harmful Weightlessness (You found it on level 3 of the Elven Halls)
 11508 | Elf:3    | Learned a level 2 spell: Repel Missiles
 11534 | Elf:3    | Identified the amulet "Seem" {Gourm +Blink rN+} (You found it on level 3 of the Elven Halls)
 11542 | Elf:3    | Identified a +3 rod of the swarm (11/11) (You found it on level 3 of the Elven Halls)
 11545 | Elf:3    | Upgraded the game from 0.15-a0-809-g8e1b895 to 0.15-a0-834-gd31242b
 11682 | Elf:3    | Reached skill level 5 in Evocations
 12118 | Snake:1  | Entered Level 1 of the Snake Pit
 12182 | Snake:2  | Noticed Aizul
 12261 | Snake:1  | Offered knowledge of Spellforged Servitor by Vehumet.
 12268 | Snake:1  | Reached XP level 17. HP: 66/80 MP: 13/38
 12690 | Snake:2  | Killed Aizul
 12821 | Snake:3  | Found Wikim's Jewellery Shop.
 12852 | Snake:3  | Bought a cursed amulet of inaccuracy for 32 gold pieces
 12853 | Snake:3  | Bought a +4 ring of intelligence for 432 gold pieces
 13225 | Snake:4  | Reached skill level 15 in Spellcasting
 13277 | Snake:5  | Entered Level 5 of the Snake Pit
 13292 | Snake:5  | Noticed Vashnia
 13297 | Snake:5  | Killed Vashnia
 13372 | Snake:5  | Offered knowledge of Lehudib's Crystal Spear by Vehumet.
 13372 | Snake:5  | Offered knowledge of Shatter by Vehumet.
 13372 | Snake:5  | Offered knowledge of Chain Lightning by Vehumet.
 13373 | Snake:5  | :(
 13456 | Snake:5  | Reached skill level 10 in Evocations
 13581 | Snake:5  | Reached skill level 20 in Conjurations
 13592 | Snake:5  | Reached XP level 18. HP: 73/85 MP: 6/40
 13810 | Snake:5  | Got a serpentine rune of Zot
 14125 | Shoals:1 | Entered Level 1 of the Shoals
 14276 | Shoals:4 | Noticed Saint Roka
 14284 | Shoals:4 | Killed Saint Roka
 14362 | Shoals:3 | Noticed Norris
 14365 | Shoals:3 | Paralysed by Norris for 4 turns
 14481 | Shoals:3 | Killed Norris
 14481 | Shoals:3 | Reached skill level 1 in Translocations
 14694 | Shoals:5 | Entered Level 5 of the Shoals
 14732 | Shoals:5 | Noticed Ilsuiw
 14778 | Shoals:5 | Killed Ilsuiw
 14881 | Shoals:5 | Noticed Amnesiac's ghost (mighty HaEn)
 14886 | Shoals:5 | Killed Amnesiac's ghost
 14947 | Shoals:5 | Reached XP level 19. HP: 87/89 MP: 23/41
 15004 | Shoals:5 | Got a barnacled rune of Zot
 15255 | Shoals:5 | Reached skill level 21 in Conjurations
 15523 | Shoals:1 | Reached skill level 5 in Translocations
 15556 | Lair:5   | :(
 15556 | Lair:5   | hmmm
 15756 | D:13     | Reached skill level 1 in Air Magic
 15940 | D:13     | Found a gate to the Vaults.
 15946 | Vaults:1 | Entered Level 1 of the Vaults
 15995 | Vaults:1 | Reached skill level 5 in Air Magic
 16271 | Vaults:3 | Learned a level 9 spell: Tornado
 16463 | Vaults:4 | Found Zucaeq's Magic Scroll Emporium.
 16466 | Vaults:4 | Reached skill level 10 in Air Magic
 16477 | Vaults:4 | Bought a scroll of teleportation for 42 gold pieces
 16477 | Vaults:4 | Bought a scroll of magic mapping for 49 gold pieces
 16690 | Vaults:4 | Learned a level 2 spell: Swiftness
 16763 | Vaults:4 | Learned a level 8 spell: Chain Lightning
 16766 | Vaults:5 | Entered Level 5 of the Vaults
 16768 | Vaults:5 | Reached XP level 20. HP: 94/94 MP: 38/42
 16804 | Vaults:5 | Hit by a large rock thrown by a stone giant

Action                   |  1- 3 |  4- 6 |  7- 9 | 10-12 | 13-15 | 16-18 | 19-21 || total
-------------------------+-------+-------+-------+-------+-------+-------+-------++-------
Melee: Short sword       |    11 |     7 |       |       |       |       |       ||    18
       Unarmed           |     4 |    30 |    12 |    30 |    49 |       |       ||   125
       Spear             |       |       |    69 |     9 |       |       |       ||    78
       Staff             |       |       |       |       |    67 |    14 |     8 ||    89
 Cast: Flame Tongue      |    47 |    56 |    85 |    49 |    66 |       |       ||   303
       Conjure Flame     |       |     2 |    12 |    25 |    39 |       |       ||    78
       Sticky Flame      |       |     3 |    31 |    48 |    97 |    23 |     7 ||   209
       Animate Skeleton  |       |       |    16 |    23 |    39 |    75 |    17 ||   170
       Fireball          |       |       |    16 |    38 |   196 |   318 |   125 ||   693
       Bolt of Cold      |       |       |       |       |    15 |       |       ||    15
       Apportation       |       |       |       |       |    79 |    85 |    18 ||   182
       Sublimation of Bl |       |       |       |       |    13 |   153 |    22 ||   188
       Delayed Fireball  |       |       |       |       |     3 |    24 |    12 ||    39
       Iron Shot         |       |       |       |       |     1 |     3 |       ||     4
       Orb of Destructio |       |       |       |       |       |    53 |    42 ||    95
       Repel Missiles    |       |       |       |       |       |     2 |     1 ||     3
       Freezing Cloud    |       |       |       |       |       |     1 |     1 ||     2
       Chain Lightning   |       |       |       |       |       |       |     4 ||     4
 Abil: Fly               |       |       |       |       |     4 |       |       ||     4
       Release Delayed F |       |       |       |       |     2 |    24 |    12 ||    38
       Evoke Teleportati |       |       |       |       |       |     2 |     1 ||     3
       Evoke Blink       |       |       |       |       |       |     2 |       ||     2
Evoke: Wand              |       |       |     2 |     8 |     9 |     3 |       ||    22
       Staff of energy   |       |       |       |       |       |   110 |   100 ||   210
  Use: Scroll            |     2 |     2 |     8 |     7 |    29 |    15 |     7 ||    70
       Potion            |       |     1 |    10 |     2 |     8 |    12 |     3 ||    36
 Stab: Distracted        |       |       |       |     1 |       |       |       ||     1
       Fleeing           |       |       |       |     1 |       |       |       ||     1

Vault maps used:
D:1:      saegor_arrival_simple_d, nemelex_diamond_rough_becter
D:2:      elyvilon_altar_4, minmay_surrounded
D:4:      grunt_temple_overflow_magic_moments, minitemple, enter_ossuary_2,
          first_bread, nicolae_qazlal_eye_of_the_storm
D:5:      nicolae_overflow_hidden_temple, minmay_temple_entry_purple_smoke
D:6:      serial_shops, shop_statue, shop_fountains, uniq_prince_ribbit1,
          uniq_duvessa, uniq_natasha, uniq_menkaure
D:7:      grunt_livestock, sigmund_army, uniq_sigmund
D:9:      xom_shifter_show, serial_shops, shop, kennysheep_little_box,
          shop_fountains, nicolae_shop_crystal, grunt_decor_cap
D:10:     hiddenorc1_lemuel, dpeg_oklobed_lair, minivault_16,
          nrook_guardian_serpent_double
D:11:     lightli_minifort
D:12:     serial_shops, nicolae_shop_trees, grunt_dithmenos_smoke, uniq_maurice
D:13:     david_vaults_1, grunt_ministairs_9, kennysheep_generic_room_2
D:14:     david_vaults_2, minmay_tree_intersection, columned_hall_lemuel
Orc:1:    basic_altar, uniq_edmund
Orc:2:    orc_temple, serial_shops, shop
Orc:3:    serial_shops, shop, nicolae_orc_pool_cavern, uniq_urug, uniq_nessos
Orc:4:    st_orc_open, uniq_nergalle
Elf:3:    elf_hall_gauntlet_wide, nicolae_trove_entry_crossroad, st_stairs_4
Lair:2:   portal_ice_cave_entry_pillars_02, disabler_island,
          infiniplex_staircase_pool
Lair:3:   guppyfry_snake_entry_garden
Lair:4:   nicolae_volcano_entry_vermiform
Lair:5:   shoals_dummy_entry, infiniplex_staircase_pool_2
Lair:6:   slime_altar_2
Lair:7:   uniq_fannar
Lair:8:   evil_forest
Shoals:1: serial_shops, shop_coins, shop, nicolae_shop_stone, kb_tengu_band
Shoals:3: uniq_norris
Shoals:4: uniq_roxanne, uniq_saint_roka
Shoals:5: shoals_end_simple, shoal_ilsuiw
Snake:1:  serial_shops, shop, statue_in_the_mist_lemuel, nrook_loot_triangle,
          serial_bayou_lagoon_b
Snake:2:  uniq_aizul
Snake:3:  serial_shops, shop, basic_altar, grunt_megastairs_4
Snake:4:  grunt_ministairs_9, hangedman_feature_mirror,
          nicolae_snake_salamander_stairs, lemuel_fruit_tree
Snake:5:  grunt_snake_rune_serpentine_throne, uniq_vashnia
Vaults:1: ontoclasm_vaults_ring_large, hangedman_vaults_hat, vaults_dpeg_hooks,
          vaults_room_fours, vaults_room_fours, nicolae_vaults_big_angled_halls,
          hangedman_vaults_trim, vaults_mumra_bighexcomb, v_misc_17,
          ontoclasm_vaults_loading_screen, uniq_donald
Vaults:2: v_misc_24, v_rooms_3, hangedman_vaults_cutoff,
          nicolae_vaults_disjoint_gnomons, v_misc_25, hangedman_vaults_trim,
          nicolae_vaults_little_squares_4, hangedman_vaults_slither,
          nicolae_vaults_little_squares_1, vaults_dpeg_diagonal, v_pattern_4,
          nicolae_vaults_diagonal_hallway_8, hangedman_vaults_impose,
          grunt_vaults_hallway_short, ontoclasm_vaults_decontamination,
          ontoclasm_vaults_loading_screen
Vaults:3: ontoclasm_vaults_chip, nicolae_vaults_blade_hurt_lockers,
          minmay_crypt_entry_simple_round, nicolae_vaults_ring_of_whatevers,
          v_misc_3, nicolae_vaults_alarming, vaults_mumra_minichess_inversion,
          ontoclasm_vaults_chip, ontoclasm_vaults_chip
Vaults:4: vaults_room_octagon, v_misc_15, ontoclasm_vaults_fault,
          grunt_vaults_swirl, v_misc_27, v_rooms_4, v_misc_25,
          nicolae_vaults_angled_halls, ontoclasm_vaults_shuriken, v_misc_33,
          serial_shops, shop
Vaults:5: serial_shops, uniq_boris
Ossuary:  ossuary_tomb_3
IceCv:    ice_cave_caverns_01
Volcano:  volcano_aerie
